 Dungeon Crawl Stone Soup version 0.26.0-10-g1f06aea511 (webtiles) character file.

Game seed: 5716372530458422317

79 Borgoz the Slasher (level 4, -2/37 HPs)
             Began as a Ghoul Gladiator on Jan 30, 2021.
             Slain by Natasha (4 damage)
             ... on level 2 of the Dungeon.
             The game lasted 00:01:32 (1347 turns).

Borgoz the Slasher (Ghoul Gladiator)                Turns: 1347, Time: 00:01:33

Health: -2/37      AC:  5    Str: 17    XL:     4   Next: 38%
Magic:  3/3        EV: 12    Int:  3    God:
Gold:   132        SH:  0    Dex: 11    Spells: 3/3 levels left

rFire    . . .     SeeInvis .   a - +0 long sword
rCold    + . .     Faith    .   (no shield)
rNeg     + + +     Spirit   .   b - +0 leather armour
rPois    ∞         Reflect  .   c - +0 helmet
rElec    .         Harm     .   (no cloak)
rCorr    .         Rampage  .   (no gloves)
Will     .....                  h - +0 pair of boots
Stlth    +.........             (no amulet)
HPRegen  0.00/turn              (no ring)
MPRegen  0.08/turn              (no ring)

@: mighty, brilliant, hasted, very quick
A: claws 1, cold resistance 1, negative energy resistance 3, inhibited
regeneration, torment resistance, unbreathing
a: no special abilities


You were on level 2 of the Dungeon.
You visited 1 branch of the dungeon, and saw 2 of its levels.

You collected 132 gold pieces.

Inventory:

Hand Weapons
 a - a +0 long sword (weapon)
Armour
 b - a +0 leather armour (worn)
 c - a +0 helmet (worn)
 h - a +0 pair of boots (worn)
Jewellery
 m - an uncursed amulet of reflection {unknown}
Scrolls
 g - a scroll of identify {unknown}
 i - a scroll of amnesia {unknown}
 k - a scroll of immolation {unknown}
Potions
 f - a potion of haste


   Skills:
 + Level 2.8 Fighting
 * Level 3.4 Long Blades
 - Level 1.7 Throwing
 * Level 1.8 Armour
 + Level 3.0 Dodging


You had 3 spell levels left.
You didn't know any spells.
Your spell library was empty.

Dungeon Overview and Level Annotations

Branches:
Dungeon (2/15)

Altars:

Annotations:
D:2 Natasha


Innate Abilities, Weirdness & Mutations

You thrive by killing the living.
You are immune to poison.
You have sharp fingernails.
Your flesh is cold resistant. (rC+)
You are immune to negative energy. (rN+++)
You do not regenerate when monsters are visible.
You are immune to unholy pain and torment.
You can survive without breathing.


Message History

The magic dart hits you.
* * * LOW HITPOINT WARNING * * *
You feel very mighty all of a sudden.
Natasha mumbles some strange words.
You closely miss Natasha.
Natasha is severely wounded.
Natasha claws you.
* * * LOW HITPOINT WARNING * * *
The crimson imp barely misses you.
You riposte.
You closely miss the crimson imp. Natasha closely misses you.
Throw: throwing net
Press: ? - help, Q - select action Shift-Dir - straight line, f/p - Natasha
Aim: Natasha (severely wounded)
You throw a throwing net. The throwing net barely misses Natasha.
The crimson imp blinks!
You hit Natasha.
Natasha is almost dead.
You feel yourself speed up. Natasha claws you.
You die...

# ### #.#.### # ##.## ###.#.#
######...## ##.#.#.###
..........# ##....#.#..
###.....†.# #.....#>#.# #
#.###.#.# ### ..........# #
#.###.#.### ##.####............ #
#.#.......# #5#h.............## #
#.#.#...#.# ##@######.....#.##
#.#.##..#.# ##§## #...##†#
#.#.##..#.# #...### ##.# #.#
#.........# #.#...# ## ##'##
######.#### #...#.# ##...##
####.# #####.# ##.....# # ##.##.#
##.## ##.......
####...#.#########...####........
'.......................'........


You could see Natasha and a crimson imp (summoned).

Vanquished Creatures
  Natasha (D:2)
  2 adders (D:2)
  An ufetubus (D:2)
  4 dart slugs
  A leopard gecko (D:1)
  3 giant cockroaches
  2 goblins
  A hobgoblin (D:2)
  2 jackals (D:2)
  A bat (D:1)
  A frilled lizard (D:2)
  4 kobolds
  A rat (D:2)
24 creatures vanquished.

Notes
Turn   | Place    | Note
-------+----------+-------------------------------------------
     0 | D:1      | Borgoz the Ghoul Gladiator began the quest for the Orb.
     0 | D:1      | Reached XP level 1. HP: 17/17 MP: 0/0
   143 | D:1      | Reached XP level 2. HP: 23/24 MP: 1/1
   409 | D:1      | Reached skill level 1 in Armour
   730 | D:2      | Noticed Natasha
   736 | D:2      | Killed Natasha
   737 | D:2      | Reached XP level 3. HP: 23/30 MP: 2/2
  1049 | D:2      | Reached XP level 4. HP: 37/37 MP: 3/3
  1318 | D:2      | Noticed Natasha
  1331 | D:2      | HP: 1/37 [Natasha/magic dart (8)]
  1347 | D:2      | Slain by Natasha

Illustrated notes

Levels and vault maps discovered:
D:1:      dpeg_arrival_arbitrary_c, layout_basic, minmay_cut_off
D:2:      layout_loops_corners, uniq_natasha

Skill      XL: |  1  2  3 |
---------------+----------+-----
Long Blades    | 3 |  3.4
Armour         | 1 |  1.8
Dodging        | 3 |  3.0
Fighting       | |  2.8
Throwing       | |  1.7

Action                   |  1- 3 |  4- 6 || total
-------------------------+-------+-------++-------
Melee: Long sword        |    62 |    39 ||   101
Throw: Throwing net      |       |     3 ||     3
  Use: Potion            |       |     6 ||     6
Armor: Leather armour    |    17 |    26 ||    43
Dodge: Dodged            |    34 |    41 ||    75
       Rpst.: Long sword |     8 |    12 ||    20
